[ PARTIDA AOE2 · #477333590 ]
UnrankedSarracenos vs Persians
Equipo del jugador · DERR
[ ANÁLISIS DE REPETICIÓN · EXTRAÍDO DE LA PARTIDA GRABADA ]
Feudal
10:16
Castillos
19:58
Imperial
31:42
| APM promedio | 29.6 |
| APM pico | 63 |
| eAPM promedio | 17.6 |
| Aldeanos / militares | 188 / 345 |
Foco
⚔️ 29.8% · 🌾 70.2%
Scout Cavalry ×131 · Camel Scout ×118 · Mameluke ×76 · Trade Cart ×44 · Battering Ram ×9 · Trebuchet (Packed) ×8
Feudal
14:06
Castillos
22:13
Imperial
35:10
| APM promedio | 20.3 |
| APM pico | 48 |
| eAPM promedio | 12.7 |
| Aldeanos / militares | 106 / 354 |
Foco
⚔️ 26.5% · 🌾 73.5%
Longbowman ×342 · Trade Cart ×16 · Trebuchet (Packed) ×10 · Monk ×2
Feudal
12:06
Castillos
15:27
Imperial
36:38
| APM promedio | 28.5 |
| APM pico | 76 |
| eAPM promedio | 17.4 |
| Aldeanos / militares | 140 / 227 |
Foco
⚔️ 42.8% · 🌾 57.2%
Knight ×105 · Camel Scout ×89 · Archer ×30 · Trade Cart ×26 · Monk ×2 · Trebuchet (Packed) ×1
Feudal
14:25
Castillos
23:59
Imperial
48:35
| APM promedio | 28.8 |
| APM pico | 71 |
| eAPM promedio | 21.5 |
| Aldeanos / militares | 167 / 438 |
Foco
⚔️ 49.5% · 🌾 50.5%
Spearman ×413 · Hussite Wagon ×14 · Scout Cavalry ×5 · Militia ×4 · Trebuchet (Packed) ×2
Feudal
13:13
Castillos
17:09
Imperial
32:57
| APM promedio | 49.6 |
| APM pico | 115 |
| eAPM promedio | 33.1 |
| Aldeanos / militares | 191 / 427 |
Foco
⚔️ 51.5% · 🌾 48.5%
Scout Cavalry ×269 · Mangonel ×97 · Scorpion ×29 · Mangudai ×23 · Trade Cart ×22 · Trebuchet (Packed) ×6
Feudal
13:06
Castillos
22:20
Imperial
39:21
| APM promedio | 29.7 |
| APM pico | 69 |
| eAPM promedio | 16.1 |
| Aldeanos / militares | 86 / 162 |
Foco
⚔️ 42.4% · 🌾 57.6%
Archer ×132 · Spearman ×21 · Battering Ram ×4 · Militia ×2 · Mangonel ×2 · Scorpion ×1
Feudal
13:59
Castillos
18:13
Imperial
32:43
| APM promedio | 38.8 |
| APM pico | 125 |
| eAPM promedio | 22.9 |
| Aldeanos / militares | 142 / 257 |
Foco
⚔️ 24.8% · 🌾 75.2%
Scout Cavalry ×128 · Hand Cannoneer ×74 · Bombard Cannon ×16 · Skirmisher ×15 · Trade Cart ×13 · Scorpion ×12
Feudal
14:28
Castillos
29:06
Imperial
41:51
| APM promedio | 46.3 |
| APM pico | 99 |
| eAPM promedio | 20.2 |
| Aldeanos / militares | 123 / 259 |
Foco
⚔️ 36.4% · 🌾 63.6%
Skirmisher ×98 · Scout Cavalry ×59 · Knight ×27 · Archer ×21 · Spearman ×19 · Chu Ko Nu ×14
Mapa de la partida
Recursos iniciales + cada clic de construcción. Líneas = muros · curvas = relieve. ◆ oro · ⬟ piedra · ● bayas · ✦ reliquia · ◌ hueco del cierre
Tu base· ✓ Cerrada en 19:58 · 0t muro · frágil
Base de aquila. STURM | National Soldie· ✓ Cerrada en 22:13 · 27t muro · frágil
Base de Lic. Sandra Cuevas· ✓ Cerrada en 15:27 · 0t muro · frágil
Base de schneewittchen· ✓ Cerrada en 23:59 · 86t muro · frágil
Base de Lukemba· ✓ Cerrada en 17:09 · 40t muro · 1 puerta(s)
Base de KIV.Käpsele· ✓ Cerrada en 22:20 · 36t muro · 1 puerta(s) · frágil
Base de Relatable Guy 23· ✓ Cerrada en 18:13 · 79t muro · sin puerta
Base de MapacheZebra· ✓ Cerrada en 29:06 · 56t muro · 4 puerta(s)
Terreno inicial suavizado · ◌ = hueco del cierre detectado · pasá el cursor para detalles
Inputs por minuto
— KIV.Midosch - - aquila. STURM | National Soldie
Build order — KIV.Midosch
Primeras 150 de 537 acciones detectadas
| 0:03 | Crear | Villager (Male) |
| 0:03 | Crear | Villager (Male) |
| 0:03 | Crear | Villager (Male) |
| 0:05 | Construir | House |
| 0:06 | Construir | House |
| 0:27 | Crear | Villager (Male) |
| 0:27 | Crear | Villager (Male) |
| 0:27 | Crear | Villager (Male) |
| 1:33 | Crear | Villager (Male) |
| 2:02 | Crear | Villager (Male) |
| 2:03 | Crear | Villager (Male) |
| 2:07 | Construir | Lumber Camp |
| 2:33 | Crear | Villager (Male) |
| 2:33 | Crear | Villager (Male) |
| 2:38 | Crear | Villager (Male) |
| 2:38 | Crear | Villager (Male) |
| 3:18 | Crear | Villager (Male) |
| 3:18 | Crear | Villager (Male) |
| 3:34 | Crear | Villager (Male) |
| 3:38 | Construir | House |
| 4:12 | Crear | Villager (Male) |
| 4:13 | Crear | Villager (Male) |
| 4:13 | Crear | Villager (Male) |
| 4:46 | Crear | Villager (Male) |
| 4:47 | Crear | Villager (Male) |
| 4:55 | Construir | Mill |
| 5:11 | Crear | Villager (Male) |
| 5:11 | Crear | Villager (Male) |
| 5:12 | Crear | Villager (Male) |
| 5:21 | Construir | House |
| 5:37 | Crear | Villager (Male) |
| 5:37 | Crear | Villager (Male) |
| 5:37 | Crear | Villager (Male) |
| 6:07 | Crear | Villager (Male) |
| 6:07 | Crear | Villager (Male) |
| 6:07 | Crear | Villager (Male) |
| 6:41 | Crear | Villager (Male) |
| 6:42 | Crear | Villager (Male) |
| 6:45 | Crear | Villager (Male) |
| 6:45 | Crear | Villager (Male) |
| 6:52 | Crear | Villager (Male) |
| 7:40 | Crear | Villager (Male) |
| 8:06 | Investigar | Feudal Age |
| 8:06 | Investigar | Feudal Age |
| 8:07 | Investigar | Feudal Age |
| 8:44 | Construir | Barracks |
| 8:51 | Construir | House |
| 8:56 | Crear | Villager (Male) |
| 9:47 | Crear | Villager (Male) |
| 10:10 | Construir | Mining Camp |
| 10:12 | Crear | Villager (Male) |
| 10:16 | Edad | Edad Feudal |
| 10:19 | Crear | Villager (Male) |
| 10:33 | Construir | Stable |
| 10:47 | Investigar | Double-Bit Axe |
| 11:08 | Crear | Scout Cavalry |
| 11:08 | Crear | Scout Cavalry |
| 11:28 | Construir | Farm |
| 11:30 | Construir | Farm |
| 11:31 | Construir | Farm |
| 11:36 | Construir | Farm |
| 11:45 | Construir | House |
| 11:53 | Crear | Villager (Male) |
| 11:58 | Crear | Scout Cavalry |
| 12:00 | Crear | Villager (Male) |
| 12:03 | Construir | House |
| 12:39 | Crear | Villager (Male) |
| 12:43 | Construir | Farm |
| 12:44 | Construir | Farm |
| 12:49 | Construir | Farm |
| 12:51 | Construir | Farm |
| 12:52 | Investigar | Horse Collar |
| 13:16 | Crear | Villager (Male) |
| 13:18 | Crear | Scout Cavalry |
| 13:19 | Crear | Scout Cavalry |
| 13:26 | Construir | Farm |
| 13:41 | Construir | Farm |
| 13:43 | Construir | Farm |
| 13:49 | Construir | House |
| 13:53 | Crear | Villager (Male) |
| 13:55 | Crear | Villager (Male) |
| 14:06 | Construir | Farm |
| 14:08 | Construir | Farm |
| 14:14 | Construir | Farm |
| 14:20 | Crear | Villager (Male) |
| 14:30 | Construir | Lumber Camp |
| 14:35 | Crear | Villager (Male) |
| 15:02 | Crear | Scout Cavalry |
| 15:03 | Crear | Villager (Male) |
| 16:13 | Construir | Market |
| 16:15 | Investigar | Bloodlines |
| 16:16 | Crear | Villager (Male) |
| 16:18 | Crear | Villager (Male) |
| 16:22 | Construir | Farm |
| 16:43 | Construir | Blacksmith |
| 16:48 | Construir | Farm |
| 17:18 | Investigar | Castle Age |
| 18:18 | Construir | House |
| 18:19 | Construir | House |
| 18:43 | Investigar | Gold Mining |
| 19:38 | Investigar | Stone Mining |
| 19:58 | Edad | Edad de los Castillos |
| 19:59 | Crear | Villager (Male) |
| 19:59 | Crear | Villager (Male) |
| 20:07 | Construir | Town Center |
| 20:37 | Crear | Villager (Male) |
| 20:37 | Crear | Villager (Male) |
| 20:48 | Construir | Town Center |
| 20:52 | Crear | Villager (Male) |
| 20:57 | Crear | Villager (Male) |
| 22:06 | Construir | Siege Workshop |
| 22:12 | Crear | Villager (Male) |
| 22:15 | Crear | Villager (Male) |
| 22:16 | Crear | Villager (Male) |
| 22:16 | Crear | Villager (Male) |
| 22:18 | Construir | Farm |
| 22:19 | Construir | Farm |
| 22:22 | Construir | Farm |
| 22:24 | Construir | Farm |
| 22:26 | Construir | Farm |
| 22:28 | Crear | Villager (Male) |
| 22:28 | Crear | Villager (Male) |
| 22:59 | Investigar | Forging |
| 23:02 | Crear | Villager (Male) |
| 23:02 | Crear | Villager (Male) |
| 23:03 | Crear | Villager (Male) |
| 23:08 | Investigar | Husbandry |
| 23:11 | Investigar | Bow Saw |
| 23:13 | Investigar | Heavy Plow |
| 23:36 | Crear | Villager (Male) |
| 23:36 | Crear | Villager (Male) |
| 24:02 | Construir | Siege Workshop |
| 24:11 | Crear | Villager (Male) |
| 24:11 | Crear | Villager (Male) |
| 24:12 | Crear | Villager (Male) |
| 24:12 | Crear | Villager (Male) |
| 24:41 | Construir | Farm |
| 24:42 | Construir | Farm |
| 24:43 | Construir | Farm |
| 24:46 | Construir | Farm |
| 24:51 | Construir | House |
| 24:53 | Construir | House |
| 24:54 | Construir | House |
| 24:55 | Crear | Mangonel |
| 25:01 | Crear | Mangonel |
| 25:02 | Crear | Villager (Male) |
| 25:03 | Crear | Villager (Male) |
| 25:03 | Crear | Villager (Male) |
| 25:11 | Investigar | Wheelbarrow |
| 25:17 | Construir | House |
Build order — aquila. STURM | National Soldie
Primeras 150 de 332 acciones detectadas
| 0:01 | Crear | Villager (Male) |
| 0:02 | Crear | Villager (Male) |
| 0:02 | Crear | Villager (Male) |
| 0:03 | Construir | House |
| 0:28 | Crear | Villager (Male) |
| 0:28 | Crear | Villager (Male) |
| 0:33 | Construir | House |
| 1:04 | Investigar | Loom |
| 1:04 | Crear | Villager (Male) |
| 1:04 | Crear | Villager (Male) |
| 1:51 | Crear | Villager (Male) |
| 2:05 | Crear | Villager (Male) |
| 2:40 | Construir | Palisade Wall |
| 2:56 | Crear | Villager (Male) |
| 2:56 | Crear | Villager (Male) |
| 4:25 | Crear | Villager (Male) |
| 4:26 | Crear | Villager (Male) |
| 4:26 | Crear | Villager (Male) |
| 4:26 | Crear | Villager (Male) |
| 5:09 | Crear | Villager (Male) |
| 5:09 | Crear | Villager (Male) |
| 5:09 | Crear | Villager (Male) |
| 5:41 | Construir | House |
| 5:45 | Crear | Villager (Male) |
| 5:45 | Crear | Villager (Male) |
| 6:07 | Construir | Mining Camp |
| 6:15 | Construir | House |
| 6:35 | Crear | Villager (Male) |
| 6:35 | Crear | Villager (Male) |
| 6:36 | Crear | Villager (Male) |
| 6:41 | Construir | House |
| 6:44 | Construir | House |
| 6:53 | Crear | Villager (Male) |
| 7:04 | Construir | Mill |
| 7:21 | Crear | Villager (Male) |
| 7:21 | Crear | Villager (Male) |
| 8:43 | Crear | Villager (Male) |
| 8:43 | Crear | Villager (Male) |
| 9:35 | Crear | Villager (Male) |
| 9:36 | Crear | Villager (Male) |
| 9:42 | Crear | Villager (Male) |
| 10:01 | Construir | Lumber Camp |
| 10:26 | Crear | Villager (Male) |
| 10:52 | Construir | Mining Camp |
| 11:26 | Construir | Farm |
| 11:51 | Investigar | Feudal Age |
| 11:51 | Investigar | Feudal Age |
| 11:56 | Construir | Farm |
| 11:58 | Construir | Farm |
| 11:59 | Construir | Farm |
| 12:10 | Construir | Farm |
| 12:12 | Construir | Farm |
| 12:32 | Construir | Farm |
| 12:35 | Crear | Villager (Male) |
| 12:36 | Crear | Villager (Male) |
| 12:36 | Crear | Villager (Male) |
| 13:15 | Construir | Farm |
| 13:16 | Construir | Farm |
| 13:22 | Construir | Farm |
| 13:43 | Construir | House |
| 13:44 | Construir | House |
| 13:46 | Construir | House |
| 14:06 | Edad | Edad Feudal |
| 14:07 | Investigar | Double-Bit Axe |
| 14:22 | Investigar | Horse Collar |
| 14:32 | Crear | Villager (Male) |
| 14:34 | Investigar | Gold Mining |
| 14:48 | Investigar | Stone Mining |
| 15:08 | Crear | Villager (Male) |
| 15:23 | Construir | House |
| 15:28 | Construir | House |
| 15:43 | Crear | Villager (Male) |
| 15:43 | Crear | Villager (Male) |
| 16:40 | Crear | Villager (Male) |
| 16:40 | Crear | Villager (Male) |
| 16:57 | Construir | Stone Wall |
| 17:16 | Construir | Market |
| 17:20 | Crear | Villager (Male) |
| 17:20 | Crear | Villager (Male) |
| 17:21 | Crear | Villager (Male) |
| 17:22 | Construir | Farm |
| 17:37 | Construir | Blacksmith |
| 18:34 | Construir | Farm |
| 18:45 | Construir | Farm |
| 19:11 | Construir | Farm |
| 19:33 | Investigar | Castle Age |
| 19:33 | Investigar | Castle Age |
| 19:39 | Construir | Mining Camp |
| 20:44 | Crear | Villager (Male) |
| 20:45 | Crear | Villager (Male) |
| 22:13 | Edad | Edad de los Castillos |
| 22:44 | Crear | Villager (Male) |
| 22:44 | Crear | Villager (Male) |
| 22:44 | Crear | Villager (Male) |
| 22:47 | Construir | Farm |
| 22:55 | Construir | Castle |
| 23:05 | Investigar | Fletching |
| 23:05 | Investigar | Padded Archer Armor |
| 23:10 | Crear | Villager (Male) |
| 23:10 | Crear | Villager (Male) |
| 23:26 | Construir | Town Center |
| 23:35 | Construir | Town Center |
| 23:47 | Investigar | Heavy Plow |
| 23:49 | Investigar | Bow Saw |
| 23:52 | Investigar | Gold Shaft Mining |
| 24:00 | Construir | Town Center |
| 24:05 | Crear | Villager (Male) |
| 24:05 | Crear | Villager (Male) |
| 24:29 | Construir | Stone Wall |
| 25:00 | Crear | Villager (Male) |
| 25:00 | Crear | Villager (Male) |
| 25:02 | Construir | Farm |
| 25:03 | Construir | Farm |
| 25:08 | Investigar | Bodkin Arrow |
| 25:08 | Investigar | Leather Archer Armor |
| 25:15 | Construir | University |
| 25:20 | Construir | Farm |
| 25:26 | Construir | Farm |
| 25:44 | Construir | Palisade Gate |
| 25:48 | Crear | Longbowman |
| 25:48 | Crear | Longbowman |
| 25:49 | Crear | Longbowman |
| 25:49 | Crear | Longbowman |
| 25:49 | Crear | Longbowman |
| 26:10 | Crear | Villager (Male) |
| 26:10 | Crear | Villager (Male) |
| 26:11 | Crear | Villager (Male) |
| 26:12 | Crear | Villager (Male) |
| 26:13 | Crear | Villager (Male) |
| 26:16 | Crear | Villager (Male) |
| 26:16 | Crear | Villager (Male) |
| 26:17 | Crear | Villager (Male) |
| 26:17 | Crear | Villager (Male) |
| 26:24 | Investigar | Ballistics |
| 26:25 | Investigar | Fortified Wall (upgrade) |
| 26:31 | Crear | Villager (Male) |
| 26:33 | Crear | Villager (Male) |
| 26:39 | Construir | Farm |
| 26:41 | Construir | Farm |
| 26:42 | Construir | Farm |
| 26:44 | Construir | Farm |
| 26:45 | Construir | Farm |
| 26:48 | Crear | Villager (Male) |
| 26:49 | Crear | Villager (Male) |
| 27:02 | Crear | Longbowman |
| 27:03 | Crear | Longbowman |
| 27:13 | Crear | Villager (Male) |
| 27:14 | Crear | Villager (Male) |
| 27:18 | Crear | Villager (Male) |
| 27:21 | Crear | Villager (Male) |
Build order — Lic. Sandra Cuevas
Primeras 150 de 431 acciones detectadas
| 0:02 | Crear | Villager (Male) |
| 0:03 | Construir | House |
| 0:04 | Construir | House |
| 0:08 | Crear | Villager (Male) |
| 0:08 | Crear | Villager (Male) |
| 0:08 | Crear | Villager (Male) |
| 0:08 | Crear | Villager (Male) |
| 0:09 | Crear | Villager (Male) |
| 1:32 | Crear | Villager (Male) |
| 2:01 | Crear | Villager (Male) |
| 2:35 | Construir | Lumber Camp |
| 2:35 | Crear | Villager (Male) |
| 2:42 | Crear | Villager (Male) |
| 3:00 | Construir | House |
| 3:06 | Construir | House |
| 3:14 | Construir | House |
| 3:30 | Crear | Villager (Male) |
| 3:33 | Construir | House |
| 3:40 | Construir | House |
| 3:50 | Crear | Villager (Male) |
| 4:17 | Crear | Villager (Male) |
| 4:17 | Crear | Villager (Male) |
| 4:24 | Construir | Lumber Camp |
| 4:41 | Crear | Villager (Male) |
| 4:45 | Construir | House |
| 4:49 | Construir | House |
| 4:53 | Investigar | Loom |
| 4:59 | Crear | Villager (Male) |
| 4:59 | Crear | Villager (Male) |
| 4:59 | Crear | Villager (Male) |
| 5:21 | Crear | Villager (Male) |
| 5:21 | Crear | Villager (Male) |
| 6:03 | Crear | Villager (Male) |
| 6:03 | Crear | Villager (Male) |
| 6:05 | Construir | House |
| 6:07 | Crear | Villager (Male) |
| 6:07 | Crear | Villager (Male) |
| 6:21 | Crear | Villager (Male) |
| 6:54 | Crear | Villager (Male) |
| 6:54 | Crear | Villager (Male) |
| 6:55 | Crear | Villager (Male) |
| 7:05 | Crear | Villager (Male) |
| 8:03 | Construir | Mill |
| 8:04 | Crear | Villager (Male) |
| 8:14 | Construir | House |
| 8:15 | Construir | House |
| 8:30 | Construir | Mining Camp |
| 9:24 | Crear | Villager (Male) |
| 9:42 | Investigar | Feudal Age |
| 10:11 | Construir | Mill |
| 11:38 | Crear | Villager (Male) |
| 11:38 | Crear | Villager (Male) |
| 12:06 | Edad | Edad Feudal |
| 12:08 | Construir | Blacksmith |
| 12:14 | Construir | Market |
| 12:17 | Construir | House |
| 12:26 | Construir | House |
| 13:01 | Investigar | Castle Age |
| 13:27 | Investigar | Double-Bit Axe |
| 13:28 | Investigar | Horse Collar |
| 13:45 | Construir | House |
| 13:48 | Construir | House |
| 14:08 | Crear | Villager (Male) |
| 14:29 | Construir | House |
| 15:17 | Construir | Farm |
| 15:18 | Construir | Farm |
| 15:18 | Construir | Farm |
| 15:27 | Edad | Edad de los Castillos |
| 15:36 | Construir | Barracks |
| 15:46 | Crear | Villager (Male) |
| 15:47 | Crear | Villager (Male) |
| 16:04 | Construir | Farm |
| 16:04 | Construir | Farm |
| 16:05 | Construir | Farm |
| 16:05 | Construir | Farm |
| 16:05 | Construir | Farm |
| 16:07 | Crear | Villager (Male) |
| 16:21 | Construir | Stone Wall |
| 16:31 | Crear | Villager (Male) |
| 17:08 | Crear | Villager (Male) |
| 17:56 | Crear | Villager (Male) |
| 18:00 | Construir | Stable |
| 18:13 | Construir | Outpost |
| 18:14 | Crear | Villager (Male) |
| 18:20 | Investigar | Bow Saw |
| 18:36 | Crear | Camel Scout |
| 18:39 | Construir | Farm |
| 18:39 | Construir | Farm |
| 18:39 | Construir | Farm |
| 18:40 | Construir | Farm |
| 18:40 | Construir | Farm |
| 18:40 | Construir | Farm |
| 18:40 | Construir | Farm |
| 18:43 | Crear | Villager (Male) |
| 19:00 | Crear | Villager (Male) |
| 19:01 | Construir | Farm |
| 19:02 | Construir | Farm |
| 19:02 | Construir | Farm |
| 19:02 | Construir | Farm |
| 19:02 | Construir | Farm |
| 19:03 | Construir | Farm |
| 19:05 | Crear | Villager (Male) |
| 19:22 | Construir | Farm |
| 19:22 | Construir | Farm |
| 19:22 | Construir | Farm |
| 19:22 | Construir | Farm |
| 19:30 | Construir | Farm |
| 19:46 | Crear | Villager (Male) |
| 20:00 | Crear | Villager (Male) |
| 20:04 | Construir | Farm |
| 20:05 | Crear | Villager (Male) |
| 20:21 | Construir | Town Center |
| 20:29 | Crear | Villager (Male) |
| 20:37 | Investigar | Town Watch |
| 20:44 | Investigar | Heavy Plow |
| 20:52 | Investigar | Bloodlines |
| 20:52 | Investigar | Husbandry |
| 20:54 | Investigar | Forging |
| 20:54 | Investigar | Scale Barding Armor |
| 21:25 | Construir | Stone Wall |
| 21:30 | Crear | Villager (Male) |
| 21:30 | Crear | Villager (Male) |
| 21:30 | Crear | Villager (Male) |
| 21:31 | Crear | Villager (Male) |
| 21:31 | Crear | Villager (Male) |
| 21:38 | Crear | Villager (Male) |
| 22:31 | Construir | Town Center |
| 22:36 | Investigar | Fletching |
| 22:37 | Crear | Villager (Male) |
| 22:38 | Crear | Villager (Male) |
| 22:38 | Crear | Villager (Male) |
| 22:59 | Investigar | Wheelbarrow |
| 22:59 | Crear | Villager (Male) |
| 23:23 | Crear | Villager (Male) |
| 23:23 | Crear | Villager (Male) |
| 23:30 | Construir | Farm |
| 23:31 | Construir | Farm |
| 23:31 | Construir | Farm |
| 23:31 | Construir | Farm |
| 23:31 | Construir | Farm |
| 23:32 | Construir | Farm |
| 23:32 | Construir | Farm |
| 23:38 | Crear | Villager (Male) |
| 23:50 | Construir | Farm |
| 23:50 | Construir | Farm |
| 23:50 | Construir | Farm |
| 23:50 | Construir | Farm |
| 23:51 | Construir | Farm |
| 23:51 | Construir | Farm |
| 23:51 | Construir | Farm |
Build order — schneewittchen
Primeras 150 de 798 acciones detectadas
| 0:02 | Construir | Mill |
| 0:04 | Construir | House |
| 0:05 | Crear | Villager (Male) |
| 0:05 | Crear | Villager (Male) |
| 0:16 | Crear | Villager (Male) |
| 0:16 | Crear | Villager (Male) |
| 0:46 | Investigar | Loom |
| 0:51 | Crear | Villager (Male) |
| 0:52 | Crear | Villager (Male) |
| 1:13 | Construir | Palisade Wall |
| 1:43 | Construir | Palisade Wall |
| 2:31 | Crear | Villager (Male) |
| 2:31 | Crear | Villager (Male) |
| 2:56 | Construir | Palisade Wall |
| 3:17 | Construir | Palisade Wall |
| 3:34 | Crear | Villager (Male) |
| 3:35 | Crear | Villager (Male) |
| 4:43 | Crear | Villager (Male) |
| 4:43 | Crear | Villager (Male) |
| 4:44 | Crear | Villager (Male) |
| 4:57 | Construir | Palisade Wall |
| 4:59 | Crear | Villager (Male) |
| 4:59 | Crear | Villager (Male) |
| 5:02 | Construir | Palisade Wall |
| 5:22 | Construir | Palisade Wall |
| 5:33 | Crear | Villager (Male) |
| 5:34 | Crear | Villager (Male) |
| 5:55 | Crear | Villager (Male) |
| 5:55 | Crear | Villager (Male) |
| 6:30 | Construir | House |
| 6:37 | Crear | Villager (Male) |
| 6:37 | Crear | Villager (Male) |
| 6:55 | Crear | Villager (Male) |
| 6:55 | Crear | Villager (Male) |
| 7:03 | Construir | Palisade Wall |
| 7:26 | Construir | House |
| 7:30 | Crear | Villager (Male) |
| 7:30 | Crear | Villager (Male) |
| 7:43 | Crear | Villager (Male) |
| 7:43 | Crear | Villager (Male) |
| 8:25 | Crear | Villager (Male) |
| 8:26 | Crear | Villager (Male) |
| 9:05 | Construir | Mill |
| 9:18 | Construir | House |
| 9:59 | Crear | Villager (Male) |
| 10:20 | Crear | Villager (Male) |
| 10:48 | Crear | Villager (Male) |
| 11:09 | Construir | Lumber Camp |
| 11:23 | Construir | House |
| 12:15 | Investigar | Feudal Age |
| 12:15 | Investigar | Feudal Age |
| 12:21 | Construir | House |
| 12:58 | Crear | Villager (Male) |
| 12:59 | Crear | Villager (Male) |
| 14:25 | Edad | Edad Feudal |
| 14:35 | Construir | Stone Wall |
| 14:53 | Construir | Stone Wall |
| 15:53 | Crear | Villager (Male) |
| 15:53 | Crear | Villager (Male) |
| 16:16 | Construir | Stone Wall |
| 16:20 | Crear | Villager (Male) |
| 16:33 | Construir | Market |
| 16:51 | Construir | Mining Camp |
| 16:58 | Crear | Villager (Male) |
| 16:58 | Crear | Villager (Male) |
| 17:14 | Construir | Mill |
| 18:10 | Construir | Stone Wall |
| 18:24 | Construir | Blacksmith |
| 18:26 | Crear | Villager (Male) |
| 18:46 | Construir | Mining Camp |
| 19:17 | Construir | Stone Wall |
| 19:32 | Construir | Stone Wall |
| 19:39 | Crear | Villager (Male) |
| 19:39 | Crear | Villager (Male) |
| 19:49 | Construir | Stone Wall |
| 20:49 | Construir | Mining Camp |
| 21:19 | Investigar | Castle Age |
| 21:48 | Construir | Lumber Camp |
| 22:17 | Construir | Stone Wall |
| 22:39 | Construir | Stone Wall |
| 23:59 | Edad | Edad de los Castillos |
| 24:46 | Construir | Castle |
| 25:05 | Construir | Stone Wall |
| 25:08 | Crear | Villager (Male) |
| 25:09 | Crear | Villager (Male) |
| 25:39 | Crear | Villager (Male) |
| 26:01 | Construir | Stone Wall |
| 26:12 | Construir | Stone Wall |
| 26:13 | Crear | Villager (Male) |
| 26:13 | Crear | Villager (Male) |
| 26:17 | Construir | Farm |
| 26:25 | Construir | Town Center |
| 26:31 | Construir | Farm |
| 26:44 | Crear | Hussite Wagon |
| 27:42 | Construir | Farm |
| 28:57 | Construir | Castle |
| 29:28 | Crear | Villager (Male) |
| 29:28 | Crear | Villager (Male) |
| 31:14 | Crear | Villager (Male) |
| 31:14 | Crear | Villager (Male) |
| 31:14 | Crear | Villager (Male) |
| 31:34 | Crear | Villager (Male) |
| 31:34 | Crear | Villager (Male) |
| 31:34 | Crear | Villager (Male) |
| 32:00 | Crear | Villager (Male) |
| 32:01 | Crear | Villager (Male) |
| 32:07 | Construir | Farm |
| 32:08 | Construir | Farm |
| 33:10 | Crear | Villager (Male) |
| 33:40 | Construir | Lumber Camp |
| 33:54 | Construir | Farm |
| 33:58 | Crear | Villager (Male) |
| 33:58 | Crear | Villager (Male) |
| 34:03 | Crear | Villager (Male) |
| 34:03 | Crear | Villager (Male) |
| 34:03 | Crear | Villager (Male) |
| 34:04 | Crear | Villager (Male) |
| 34:19 | Construir | Stone Wall |
| 34:38 | Construir | Farm |
| 34:39 | Construir | Farm |
| 34:41 | Construir | Farm |
| 34:52 | Crear | Villager (Male) |
| 34:53 | Crear | Villager (Male) |
| 35:05 | Construir | Farm |
| 35:45 | Crear | Villager (Male) |
| 35:45 | Crear | Villager (Male) |
| 36:13 | Crear | Villager (Male) |
| 36:14 | Crear | Villager (Male) |
| 36:17 | Construir | Farm |
| 36:25 | Investigar | Double-Bit Axe |
| 36:27 | Investigar | Horse Collar |
| 36:30 | Crear | Villager (Male) |
| 36:30 | Crear | Villager (Male) |
| 36:37 | Construir | Stone Wall |
| 36:39 | Crear | Villager (Male) |
| 36:40 | Crear | Villager (Male) |
| 36:50 | Construir | Farm |
| 36:56 | Construir | Town Center |
| 37:16 | Crear | Villager (Male) |
| 37:16 | Crear | Villager (Male) |
| 37:21 | Construir | Farm |
| 37:21 | Construir | Farm |
| 37:22 | Construir | Farm |
| 37:22 | Construir | Farm |
| 37:22 | Construir | Farm |
| 37:23 | Construir | Farm |
| 37:23 | Construir | Farm |
| 37:23 | Construir | Farm |
| 37:24 | Crear | Villager (Male) |
| 37:25 | Crear | Villager (Male) |
Build order — Lukemba
Primeras 150 de 908 acciones detectadas
| 0:02 | Crear | Villager (Male) |
| 0:02 | Crear | Villager (Male) |
| 0:02 | Crear | Villager (Male) |
| 0:03 | Crear | Villager (Male) |
| 0:03 | Crear | Villager (Male) |
| 0:04 | Construir | House |
| 0:05 | Construir | House |
| 0:48 | Investigar | Loom |
| 1:06 | Crear | Villager (Male) |
| 1:07 | Crear | Villager (Male) |
| 2:01 | Crear | Villager (Male) |
| 2:02 | Crear | Villager (Male) |
| 2:31 | Crear | Villager (Male) |
| 2:56 | Crear | Villager (Male) |
| 2:56 | Crear | Villager (Male) |
| 3:57 | Crear | Villager (Male) |
| 3:58 | Crear | Villager (Male) |
| 4:17 | Crear | Villager (Male) |
| 4:35 | Construir | Palisade Wall |
| 4:39 | Crear | Villager (Male) |
| 6:04 | Crear | Villager (Male) |
| 6:04 | Crear | Villager (Male) |
| 6:06 | Construir | Lumber Camp |
| 6:35 | Construir | Palisade Wall |
| 6:41 | Crear | Villager (Male) |
| 6:41 | Crear | Villager (Male) |
| 6:41 | Crear | Villager (Male) |
| 6:59 | Crear | Villager (Male) |
| 7:22 | Construir | House |
| 8:00 | Crear | Villager (Male) |
| 8:02 | Construir | House |
| 8:20 | Crear | Villager (Male) |
| 8:40 | Construir | Palisade Wall |
| 8:44 | Construir | Palisade Gate |
| 8:50 | Construir | House |
| 8:57 | Crear | Villager (Male) |
| 8:57 | Crear | Villager (Male) |
| 9:14 | Construir | Mill |
| 9:21 | Crear | Villager (Male) |
| 9:21 | Crear | Villager (Male) |
| 9:54 | Crear | Villager (Male) |
| 9:59 | Construir | Mining Camp |
| 10:11 | Crear | Villager (Male) |
| 10:40 | Construir | Mill |
| 10:54 | Investigar | Feudal Age |
| 11:03 | Investigar | Feudal Age |
| 11:13 | Crear | Villager (Male) |
| 11:13 | Crear | Villager (Male) |
| 13:13 | Edad | Edad Feudal |
| 13:36 | Construir | Market |
| 13:41 | Construir | Blacksmith |
| 13:54 | Investigar | Double-Bit Axe |
| 14:02 | Crear | Villager (Male) |
| 14:12 | Investigar | Horse Collar |
| 14:29 | Investigar | Castle Age |
| 14:30 | Investigar | Castle Age |
| 15:10 | Crear | Villager (Male) |
| 15:13 | Investigar | Gold Mining |
| 15:21 | Crear | Villager (Male) |
| 15:22 | Crear | Villager (Male) |
| 16:18 | Construir | Palisade Wall |
| 17:09 | Edad | Edad de los Castillos |
| 17:15 | Investigar | Wheelbarrow |
| 17:17 | Crear | Villager (Male) |
| 17:20 | Construir | Town Center |
| 17:27 | Construir | Town Center |
| 17:49 | Construir | Siege Workshop |
| 17:57 | Investigar | Bow Saw |
| 18:29 | Construir | Palisade Wall |
| 18:38 | Crear | Villager (Male) |
| 18:42 | Crear | Villager (Male) |
| 18:49 | Crear | Villager (Male) |
| 18:58 | Construir | Monastery |
| 19:00 | Construir | Lumber Camp |
| 19:04 | Crear | Villager (Male) |
| 19:05 | Crear | Villager (Male) |
| 19:37 | Crear | Villager (Male) |
| 19:46 | Construir | Farm |
| 19:46 | Construir | Farm |
| 19:46 | Construir | Farm |
| 19:47 | Construir | Farm |
| 19:49 | Crear | Villager (Male) |
| 19:49 | Crear | Villager (Male) |
| 19:49 | Crear | Villager (Male) |
| 19:59 | Crear | Mangonel |
| 20:21 | Crear | Villager (Male) |
| 20:33 | Construir | House |
| 20:39 | Construir | Farm |
| 20:39 | Construir | Farm |
| 20:39 | Construir | Farm |
| 20:40 | Construir | Farm |
| 20:40 | Construir | Farm |
| 20:48 | Crear | Monk |
| 21:12 | Crear | Villager (Male) |
| 21:27 | Construir | Farm |
| 21:27 | Construir | Farm |
| 21:27 | Construir | Farm |
| 21:31 | Construir | Farm |
| 21:31 | Construir | Farm |
| 21:32 | Construir | Farm |
| 21:32 | Construir | Farm |
| 21:32 | Construir | Farm |
| 21:33 | Crear | Villager (Male) |
| 21:33 | Crear | Villager (Male) |
| 21:33 | Crear | Villager (Male) |
| 21:34 | Crear | Villager (Male) |
| 21:37 | Construir | House |
| 22:00 | Crear | Mangonel |
| 22:02 | Crear | Villager (Male) |
| 22:02 | Crear | Villager (Male) |
| 22:19 | Construir | House |
| 22:24 | Construir | Farm |
| 22:28 | Construir | Farm |
| 22:29 | Crear | Villager (Male) |
| 22:30 | Crear | Villager (Male) |
| 22:41 | Crear | Villager (Male) |
| 22:42 | Crear | Villager (Male) |
| 22:46 | Construir | Farm |
| 22:48 | Construir | Farm |
| 22:51 | Construir | House |
| 22:53 | Crear | Villager (Male) |
| 22:54 | Crear | Villager (Male) |
| 22:54 | Crear | Villager (Male) |
| 23:25 | Crear | Villager (Male) |
| 23:25 | Crear | Villager (Male) |
| 23:26 | Crear | Villager (Male) |
| 23:26 | Crear | Villager (Male) |
| 23:39 | Crear | Villager (Male) |
| 23:40 | Crear | Villager (Male) |
| 23:40 | Crear | Villager (Male) |
| 23:46 | Investigar | Heavy Plow |
| 23:48 | Crear | Villager (Male) |
| 23:50 | Construir | Farm |
| 23:50 | Construir | Farm |
| 23:51 | Construir | Farm |
| 23:51 | Construir | Farm |
| 23:51 | Construir | Farm |
| 23:56 | Construir | House |
| 24:08 | Crear | Villager (Male) |
| 24:34 | Crear | Villager (Male) |
| 24:35 | Crear | Villager (Male) |
| 24:35 | Crear | Villager (Male) |
| 24:35 | Crear | Villager (Male) |
| 24:35 | Crear | Villager (Male) |
| 24:39 | Construir | Farm |
| 24:40 | Construir | Farm |
| 24:40 | Construir | Farm |
| 24:40 | Construir | Farm |
| 24:41 | Construir | Farm |
| 24:41 | Construir | Farm |
Build order — KIV.Käpsele
Primeras 150 de 399 acciones detectadas
| 0:01 | Crear | Villager (Male) |
| 0:01 | Crear | Villager (Male) |
| 0:02 | Crear | Villager (Male) |
| 0:02 | Construir | House |
| 0:04 | Construir | House |
| 0:06 | Crear | Villager (Male) |
| 0:06 | Crear | Villager (Male) |
| 0:27 | Investigar | Loom |
| 0:29 | Crear | Villager (Male) |
| 0:29 | Crear | Villager (Male) |
| 0:30 | Crear | Villager (Male) |
| 0:30 | Crear | Villager (Male) |
| 0:47 | Construir | Palisade Wall |
| 1:36 | Construir | Lumber Camp |
| 2:31 | Construir | Palisade Wall |
| 2:55 | Crear | Villager (Male) |
| 2:56 | Crear | Villager (Male) |
| 3:28 | Construir | Palisade Wall |
| 4:01 | Crear | Villager (Male) |
| 4:01 | Crear | Villager (Male) |
| 4:28 | Construir | Palisade Wall |
| 4:34 | Construir | Palisade Wall |
| 5:26 | Crear | Villager (Male) |
| 5:26 | Crear | Villager (Male) |
| 5:57 | Crear | Villager (Male) |
| 5:57 | Crear | Villager (Male) |
| 6:16 | Crear | Villager (Male) |
| 6:16 | Crear | Villager (Male) |
| 6:27 | Crear | Villager (Male) |
| 6:27 | Crear | Villager (Male) |
| 6:48 | Crear | Villager (Male) |
| 6:48 | Crear | Villager (Male) |
| 6:51 | Construir | House |
| 6:53 | Construir | House |
| 6:58 | Crear | Villager (Male) |
| 6:59 | Crear | Villager (Male) |
| 7:16 | Construir | Palisade Wall |
| 7:17 | Construir | Palisade Wall |
| 7:18 | Construir | Palisade Wall |
| 7:20 | Construir | Palisade Wall |
| 7:21 | Construir | Palisade Wall |
| 7:22 | Construir | Palisade Wall |
| 7:23 | Construir | Palisade Wall |
| 7:27 | Construir | Palisade Wall |
| 7:28 | Construir | Palisade Wall |
| 7:33 | Construir | Palisade Gate |
| 7:45 | Crear | Villager (Male) |
| 7:45 | Crear | Villager (Male) |
| 7:55 | Crear | Villager (Male) |
| 7:55 | Crear | Villager (Male) |
| 8:29 | Crear | Villager (Male) |
| 8:29 | Crear | Villager (Male) |
| 8:35 | Construir | Palisade Wall |
| 9:08 | Crear | Villager (Male) |
| 9:29 | Crear | Villager (Male) |
| 9:37 | Crear | Villager (Male) |
| 9:59 | Construir | Barracks |
| 10:11 | Crear | Villager (Male) |
| 10:56 | Investigar | Feudal Age |
| 10:57 | Investigar | Feudal Age |
| 11:35 | Crear | Villager (Male) |
| 13:06 | Edad | Edad Feudal |
| 13:10 | Construir | Archery Range |
| 13:14 | Construir | Archery Range |
| 13:20 | Crear | Villager (Male) |
| 13:26 | Construir | Mining Camp |
| 13:32 | Construir | Blacksmith |
| 13:38 | Investigar | Double-Bit Axe |
| 13:40 | Crear | Archer |
| 13:41 | Crear | Archer |
| 13:54 | Crear | Archer |
| 13:55 | Crear | Archer |
| 14:04 | Crear | Villager (Male) |
| 14:07 | Construir | House |
| 14:10 | Construir | House |
| 14:41 | Investigar | Fletching |
| 14:44 | Construir | House |
| 15:01 | Crear | Archer |
| 15:01 | Crear | Archer |
| 15:07 | Construir | House |
| 16:02 | Crear | Archer |
| 16:02 | Crear | Archer |
| 16:05 | Construir | House |
| 16:11 | Crear | Villager (Male) |
| 16:11 | Crear | Villager (Male) |
| 16:11 | Crear | Villager (Male) |
| 16:45 | Construir | Mill |
| 18:00 | Crear | Villager (Male) |
| 18:08 | Construir | Market |
| 18:13 | Crear | Villager (Male) |
| 18:47 | Construir | Stone Wall |
| 19:40 | Investigar | Castle Age |
| 20:43 | Crear | Archer |
| 20:43 | Crear | Archer |
| 20:44 | Crear | Archer |
| 20:55 | Investigar | Horse Collar |
| 21:30 | Construir | Gate |
| 21:40 | Crear | Archer |
| 21:40 | Crear | Archer |
| 21:40 | Crear | Archer |
| 21:45 | Construir | Archery Range |
| 21:51 | Construir | Archery Range |
| 21:59 | Crear | Villager (Male) |
| 22:03 | Crear | Archer |
| 22:20 | Edad | Edad de los Castillos |
| 22:22 | Construir | Siege Workshop |
| 22:48 | Crear | Archer |
| 22:48 | Crear | Archer |
| 22:48 | Crear | Archer |
| 22:48 | Crear | Archer |
| 22:59 | Crear | Villager (Male) |
| 23:03 | Crear | Villager (Male) |
| 23:05 | Investigar | Gold Mining |
| 23:16 | Investigar | Crossbowman (upgrade) |
| 23:51 | Construir | House |
| 23:53 | Construir | House |
| 24:14 | Crear | Scorpion |
| 24:21 | Crear | Mangonel |
| 24:32 | Crear | Villager (Male) |
| 24:32 | Crear | Villager (Male) |
| 24:34 | Crear | Villager (Male) |
| 25:17 | Crear | Mangonel |
| 25:25 | Construir | House |
| 25:26 | Construir | House |
| 25:27 | Construir | House |
| 25:31 | Construir | Gate |
| 25:35 | Crear | Villager (Male) |
| 25:36 | Crear | Villager (Male) |
| 25:42 | Crear | Archer |
| 25:42 | Crear | Archer |
| 25:42 | Crear | Archer |
| 26:03 | Construir | Gate |
| 26:24 | Crear | Villager (Male) |
| 26:24 | Crear | Villager (Male) |
| 26:24 | Crear | Villager (Male) |
| 26:26 | Crear | Archer |
| 26:26 | Crear | Archer |
| 26:35 | Construir | Lumber Camp |
| 27:00 | Construir | Stone Wall |
| 27:07 | Crear | Battering Ram |
| 27:44 | Crear | Battering Ram |
| 28:52 | Crear | Battering Ram |
| 28:53 | Crear | Battering Ram |
| 28:56 | Crear | Archer |
| 28:56 | Crear | Archer |
| 28:56 | Crear | Archer |
| 28:57 | Crear | Archer |
| 28:57 | Crear | Archer |
| 28:57 | Crear | Archer |
| 29:01 | Construir | House |
Build order — Relatable Guy 23
Primeras 150 de 511 acciones detectadas
| 0:02 | Crear | Villager (Male) |
| 0:03 | Construir | House |
| 0:04 | Construir | House |
| 0:06 | Crear | Villager (Male) |
| 0:24 | Crear | Villager (Male) |
| 0:34 | Crear | Villager (Male) |
| 0:38 | Investigar | Loom |
| 1:03 | Crear | Villager (Male) |
| 1:48 | Construir | Palisade Wall |
| 1:52 | Crear | Villager (Male) |
| 2:27 | Crear | Villager (Male) |
| 2:38 | Construir | Palisade Wall |
| 3:07 | Crear | Villager (Male) |
| 3:17 | Construir | Palisade Wall |
| 3:18 | Construir | Palisade Wall |
| 3:21 | Construir | Palisade Wall |
| 3:24 | Construir | Palisade Wall |
| 3:32 | Construir | House |
| 3:41 | Construir | Palisade Wall |
| 3:53 | Crear | Villager (Male) |
| 3:58 | Construir | Palisade Wall |
| 4:09 | Crear | Villager (Male) |
| 4:15 | Crear | Villager (Male) |
| 4:57 | Construir | Palisade Wall |
| 5:01 | Construir | Palisade Wall |
| 5:08 | Construir | Palisade Wall |
| 5:12 | Construir | Palisade Wall |
| 5:14 | Construir | Palisade Wall |
| 5:24 | Crear | Villager (Male) |
| 5:31 | Construir | Lumber Camp |
| 5:34 | Construir | Palisade Wall |
| 5:37 | Construir | Palisade Wall |
| 5:43 | Construir | Palisade Wall |
| 5:46 | Construir | Palisade Wall |
| 5:50 | Construir | Palisade Wall |
| 5:51 | Construir | Palisade Wall |
| 5:54 | Construir | Palisade Wall |
| 6:01 | Construir | Palisade Wall |
| 6:06 | Construir | Palisade Wall |
| 6:11 | Construir | Palisade Wall |
| 6:12 | Crear | Villager (Male) |
| 6:34 | Crear | Villager (Male) |
| 6:51 | Construir | Mill |
| 6:52 | Crear | Villager (Male) |
| 7:12 | Construir | House |
| 7:13 | Crear | Villager (Male) |
| 7:48 | Crear | Villager (Male) |
| 8:10 | Crear | Villager (Male) |
| 8:43 | Construir | House |
| 8:53 | Crear | Villager (Male) |
| 9:17 | Construir | Mining Camp |
| 9:19 | Crear | Villager (Male) |
| 9:31 | Construir | Mining Camp |
| 9:36 | Crear | Villager (Male) |
| 9:58 | Crear | Villager (Male) |
| 10:14 | Construir | Mill |
| 10:15 | Crear | Villager (Male) |
| 10:19 | Crear | Villager (Male) |
| 11:03 | Crear | Villager (Male) |
| 11:10 | Construir | House |
| 11:32 | Investigar | Feudal Age |
| 11:53 | Crear | Villager (Male) |
| 11:54 | Crear | Villager (Male) |
| 12:13 | Crear | Villager (Male) |
| 13:45 | Construir | Palisade Wall |
| 13:59 | Edad | Edad Feudal |
| 14:19 | Construir | Blacksmith |
| 14:38 | Construir | Stone Wall |
| 14:50 | Construir | Market |
| 14:51 | Crear | Villager (Male) |
| 15:33 | Investigar | Castle Age |
| 15:51 | Construir | Lumber Camp |
| 16:00 | Construir | Stone Wall |
| 16:42 | Investigar | Double-Bit Axe |
| 16:44 | Investigar | Horse Collar |
| 17:14 | Construir | Lumber Camp |
| 17:44 | Construir | Stone Wall |
| 18:00 | Construir | House |
| 18:01 | Construir | House |
| 18:13 | Edad | Edad de los Castillos |
| 18:13 | Investigar | Heavy Plow |
| 18:16 | Construir | Town Center |
| 18:16 | Crear | Villager (Male) |
| 18:28 | Crear | Villager (Male) |
| 18:49 | Construir | Farm |
| 19:16 | Construir | Town Center |
| 19:17 | Crear | Villager (Male) |
| 19:33 | Construir | House |
| 19:35 | Construir | House |
| 19:36 | Construir | House |
| 19:36 | Construir | House |
| 19:41 | Crear | Villager (Male) |
| 19:45 | Construir | Farm |
| 20:06 | Crear | Villager (Male) |
| 20:10 | Construir | Farm |
| 20:15 | Crear | Villager (Male) |
| 20:27 | Crear | Villager (Male) |
| 20:30 | Construir | Farm |
| 20:31 | Construir | Farm |
| 20:36 | Construir | Farm |
| 20:36 | Construir | Farm |
| 20:36 | Construir | Farm |
| 20:40 | Construir | Farm |
| 20:41 | Crear | Villager (Male) |
| 20:43 | Crear | Villager (Male) |
| 20:57 | Construir | Farm |
| 21:07 | Crear | Villager (Male) |
| 21:25 | Construir | Farm |
| 21:25 | Construir | Farm |
| 21:25 | Construir | Farm |
| 21:26 | Construir | Farm |
| 21:26 | Construir | Farm |
| 21:28 | Construir | Farm |
| 21:40 | Crear | Villager (Male) |
| 21:41 | Crear | Villager (Male) |
| 21:41 | Crear | Villager (Male) |
| 21:46 | Construir | Farm |
| 21:50 | Construir | House |
| 22:04 | Crear | Villager (Male) |
| 22:08 | Construir | Farm |
| 22:10 | Construir | Farm |
| 22:14 | Construir | Farm |
| 22:19 | Construir | Farm |
| 22:21 | Crear | Villager (Male) |
| 22:22 | Crear | Villager (Male) |
| 22:30 | Crear | Villager (Male) |
| 22:31 | Crear | Villager (Male) |
| 22:41 | Crear | Villager (Male) |
| 22:50 | Crear | Villager (Male) |
| 23:02 | Construir | Farm |
| 23:02 | Construir | Farm |
| 23:03 | Construir | Farm |
| 23:03 | Construir | Farm |
| 23:03 | Construir | Farm |
| 23:03 | Construir | Farm |
| 23:06 | Crear | Villager (Male) |
| 23:06 | Crear | Villager (Male) |
| 23:07 | Crear | Villager (Male) |
| 23:21 | Crear | Villager (Male) |
| 23:21 | Crear | Villager (Male) |
| 23:23 | Crear | Villager (Male) |
| 23:23 | Crear | Villager (Male) |
| 23:40 | Construir | Siege Workshop |
| 23:47 | Construir | Farm |
| 23:51 | Construir | Farm |
| 23:52 | Crear | Villager (Male) |
| 23:52 | Crear | Villager (Male) |
| 23:52 | Crear | Villager (Male) |
| 24:08 | Construir | Farm |
| 24:16 | Crear | Villager (Male) |
Build order — MapacheZebra
Primeras 150 de 537 acciones detectadas
| 0:01 | Investigar | Loom |
| 0:02 | Investigar | Loom |
| 0:48 | Crear | Villager (Male) |
| 0:48 | Crear | Villager (Male) |
| 1:26 | Construir | Palisade Wall |
| 1:31 | Crear | Villager (Male) |
| 1:31 | Crear | Villager (Male) |
| 2:13 | Crear | Villager (Male) |
| 2:13 | Crear | Villager (Male) |
| 2:22 | Construir | Palisade Wall |
| 2:45 | Construir | Palisade Wall |
| 2:47 | Construir | Palisade Wall |
| 3:02 | Construir | Palisade Gate |
| 3:05 | Crear | Villager (Male) |
| 3:06 | Crear | Villager (Male) |
| 3:06 | Crear | Villager (Male) |
| 3:07 | Crear | Villager (Male) |
| 3:07 | Crear | Villager (Male) |
| 3:38 | Crear | Villager (Male) |
| 3:38 | Crear | Villager (Male) |
| 3:57 | Construir | Palisade Wall |
| 3:59 | Construir | Palisade Wall |
| 4:05 | Crear | Villager (Male) |
| 4:05 | Crear | Villager (Male) |
| 4:58 | Crear | Villager (Male) |
| 4:58 | Crear | Villager (Male) |
| 4:58 | Crear | Villager (Male) |
| 5:19 | Crear | Villager (Male) |
| 5:19 | Crear | Villager (Male) |
| 6:13 | Crear | Villager (Male) |
| 6:14 | Crear | Villager (Male) |
| 6:14 | Crear | Villager (Male) |
| 6:18 | Construir | House |
| 6:21 | Construir | House |
| 7:01 | Crear | Villager (Male) |
| 7:01 | Crear | Villager (Male) |
| 7:01 | Crear | Villager (Male) |
| 8:18 | Crear | Villager (Male) |
| 8:18 | Crear | Villager (Male) |
| 8:19 | Crear | Villager (Male) |
| 8:19 | Crear | Villager (Male) |
| 8:48 | Construir | Palisade Wall |
| 9:12 | Crear | Villager (Male) |
| 9:26 | Construir | Lumber Camp |
| 9:33 | Construir | Lumber Camp |
| 10:37 | Crear | Villager (Male) |
| 10:37 | Crear | Villager (Male) |
| 10:43 | Construir | Mill |
| 11:05 | Construir | House |
| 11:06 | Construir | House |
| 11:12 | Construir | Mining Camp |
| 11:21 | Construir | Mining Camp |
| 12:02 | Construir | Palisade Wall |
| 12:05 | Construir | Palisade Gate |
| 12:17 | Investigar | Feudal Age |
| 12:51 | Construir | Barracks |
| 13:18 | Construir | House |
| 13:19 | Construir | House |
| 13:52 | Crear | Militia |
| 13:52 | Crear | Militia |
| 14:28 | Edad | Edad Feudal |
| 14:31 | Crear | Militia |
| 14:35 | Construir | Archery Range |
| 14:38 | Construir | Watch Tower |
| 14:44 | Investigar | Man-at-Arms (upgrade) |
| 14:45 | Crear | Militia |
| 15:36 | Crear | Archer |
| 15:36 | Crear | Archer |
| 15:36 | Crear | Archer |
| 15:39 | Crear | Militia |
| 15:44 | Investigar | Double-Bit Axe |
| 15:44 | Investigar | Double-Bit Axe |
| 15:46 | Investigar | Wheelbarrow |
| 15:48 | Crear | Villager (Male) |
| 15:59 | Investigar | Horse Collar |
| 15:59 | Investigar | Horse Collar |
| 16:07 | Crear | Militia |
| 16:41 | Construir | Stone Wall |
| 16:42 | Construir | Gate |
| 16:46 | Crear | Villager (Male) |
| 16:47 | Crear | Villager (Male) |
| 17:10 | Construir | Farm |
| 17:12 | Construir | Farm |
| 17:13 | Construir | Farm |
| 17:58 | Construir | Farm |
| 18:45 | Construir | Lumber Camp |
| 19:42 | Crear | Villager (Male) |
| 19:42 | Crear | Villager (Male) |
| 19:49 | Construir | Farm |
| 19:50 | Construir | Farm |
| 19:51 | Construir | Farm |
| 19:53 | Construir | Farm |
| 19:54 | Construir | Farm |
| 20:27 | Crear | Villager (Male) |
| 20:27 | Crear | Villager (Male) |
| 20:28 | Crear | Villager (Male) |
| 20:34 | Construir | Farm |
| 20:36 | Construir | Farm |
| 20:37 | Construir | Farm |
| 20:38 | Construir | Farm |
| 20:49 | Investigar | Arson |
| 21:03 | Crear | Archer |
| 21:04 | Crear | Archer |
| 21:05 | Crear | Militia |
| 21:06 | Crear | Militia |
| 21:38 | Construir | Stone Wall |
| 21:48 | Construir | Gate |
| 22:23 | Crear | Villager (Male) |
| 22:23 | Crear | Villager (Male) |
| 22:23 | Crear | Villager (Male) |
| 22:38 | Construir | House |
| 22:39 | Construir | House |
| 22:44 | Construir | House |
| 22:45 | Construir | House |
| 23:02 | Investigar | Town Watch |
| 23:03 | Crear | Villager (Male) |
| 23:03 | Crear | Villager (Male) |
| 23:03 | Crear | Villager (Male) |
| 23:08 | Construir | Farm |
| 23:10 | Construir | Farm |
| 23:11 | Construir | Farm |
| 23:46 | Crear | Villager (Male) |
| 23:48 | Investigar | Gold Mining |
| 23:48 | Investigar | Stone Mining |
| 25:07 | Crear | Villager (Male) |
| 25:12 | Construir | Blacksmith |
| 26:26 | Investigar | Castle Age |
| 26:26 | Investigar | Castle Age |
| 27:04 | Construir | Market |
| 27:11 | Investigar | Fletching |
| 27:11 | Investigar | Forging |
| 28:02 | Investigar | Scale Mail Armor |
| 28:03 | Investigar | Padded Archer Armor |
| 28:08 | Crear | Spearman |
| 28:08 | Crear | Spearman |
| 28:09 | Crear | Spearman |
| 28:09 | Crear | Spearman |
| 28:10 | Crear | Archer |
| 28:11 | Crear | Archer |
| 28:11 | Crear | Archer |
| 28:11 | Crear | Archer |
| 28:54 | Crear | Spearman |
| 28:54 | Crear | Spearman |
| 28:57 | Crear | Skirmisher |
| 28:57 | Crear | Skirmisher |
| 28:57 | Crear | Skirmisher |
| 28:57 | Crear | Skirmisher |
| 29:06 | Edad | Edad de los Castillos |
| 29:46 | Investigar | Hand Cart |
| 30:03 | Construir | Farm |
Cronología de la partida
| 0:47 | KIV.Käpsele · wall_segment Palisade Wall x14 |
| 1:13 | schneewittchen · wall_segment Palisade Wall x10 |
| 1:26 | MapacheZebra · wall_segment Palisade Wall x8 |
| 1:43 | schneewittchen · wall_segment Palisade Wall x10 |
| 1:48 | Relatable Guy 23 · wall_segment Palisade Wall x13 |
| 2:22 | MapacheZebra · wall_segment Palisade Wall x8 |
| 2:31 | KIV.Käpsele · wall_segment Palisade Wall x1 |
| 2:38 | Relatable Guy 23 · wall_segment Palisade Wall x14 |
| 2:40 | aquila. STURM | National Soldie · wall_segment Palisade Wall x13 |
| 2:45 | MapacheZebra · wall_segment Palisade Wall x5 |
| 2:47 | MapacheZebra · wall_segment Palisade Wall x1 |
| 2:56 | schneewittchen · wall_segment Palisade Wall x9 |
| 3:17 | schneewittchen · wall_segment Palisade Wall x6 |
| 3:17 | Relatable Guy 23 · wall_segment Palisade Wall x2 |
| 3:18 | Relatable Guy 23 · wall_segment Palisade Wall x1 |
| 3:21 | Relatable Guy 23 · wall_segment Palisade Wall x1 |
| 3:24 | Relatable Guy 23 · wall_segment Palisade Wall x1 |
| 3:28 | KIV.Käpsele · wall_segment Palisade Wall x1 |
| 3:41 | Relatable Guy 23 · wall_segment Palisade Wall x1 |
| 3:57 | MapacheZebra · wall_segment Palisade Wall x1 |
| 3:58 | Relatable Guy 23 · wall_segment Palisade Wall x1 |
| 3:59 | MapacheZebra · wall_segment Palisade Wall x1 |
| 4:28 | KIV.Käpsele · wall_segment Palisade Wall x1 |
| 4:34 | KIV.Käpsele · wall_segment Palisade Wall x1 |
| 4:35 | Lukemba · wall_segment Palisade Wall x11 |
| 4:57 | Relatable Guy 23 · wall_segment Palisade Wall x1 |
| 4:57 | schneewittchen · wall_segment Palisade Wall x1 |
| 5:01 | Relatable Guy 23 · wall_segment Palisade Wall x1 |
| 5:02 | schneewittchen · wall_segment Palisade Wall x1 |
| 5:08 | Relatable Guy 23 · wall_segment Palisade Wall x1 |
| 5:12 | Relatable Guy 23 · wall_segment Palisade Wall x1 |
| 5:14 | Relatable Guy 23 · wall_segment Palisade Wall x1 |
| 5:22 | schneewittchen · wall_segment Palisade Wall x5 |
| 5:34 | Relatable Guy 23 · wall_segment Palisade Wall x1 |
| 5:37 | Relatable Guy 23 · wall_segment Palisade Wall x1 |
| 5:43 | Relatable Guy 23 · wall_segment Palisade Wall x1 |
| 5:46 | Relatable Guy 23 · wall_segment Palisade Wall x2 |
| 5:50 | Relatable Guy 23 · wall_segment Palisade Wall x1 |
| 5:51 | Relatable Guy 23 · wall_segment Palisade Wall x1 |
| 5:54 | Relatable Guy 23 · wall_segment Palisade Wall x2 |
| 6:01 | Relatable Guy 23 · wall_segment Palisade Wall x1 |
| 6:06 | Relatable Guy 23 · wall_segment Palisade Wall x1 |
| 6:11 | Relatable Guy 23 · wall_segment Palisade Wall x1 |
| 6:35 | Lukemba · wall_segment Palisade Wall x11 |
| 7:03 | schneewittchen · wall_segment Palisade Wall x3 |
| 7:16 | KIV.Käpsele · wall_segment Palisade Wall x1 |
| 7:17 | KIV.Käpsele · wall_segment Palisade Wall x1 |
| 7:18 | KIV.Käpsele · wall_segment Palisade Wall x1 |
| 7:20 | KIV.Käpsele · wall_segment Palisade Wall x1 |
| 7:21 | KIV.Käpsele · wall_segment Palisade Wall x1 |
| 7:22 | KIV.Käpsele · wall_segment Palisade Wall x1 |
| 7:23 | KIV.Käpsele · wall_segment Palisade Wall x1 |
| 7:27 | KIV.Käpsele · wall_segment Palisade Wall x1 |
| 7:28 | KIV.Käpsele · wall_segment Palisade Wall x1 |
| 8:35 | KIV.Käpsele · wall_segment Palisade Wall x1 |
| 8:40 | Lukemba · wall_segment Palisade Wall x9 |
| 8:44 | KIV.Midosch · first_building Barracks |
| 8:48 | MapacheZebra · wall_segment Palisade Wall x9 |
| 9:59 | KIV.Käpsele · first_building Barracks |
| 10:16 | KIV.Midosch · age_up feudal |
| 10:33 | KIV.Midosch · first_building Stable |
| 12:02 | MapacheZebra · wall_segment Palisade Wall x9 |
| 12:06 | Lic. Sandra Cuevas · age_up feudal |
| 12:51 | MapacheZebra · first_building Barracks |
| 13:06 | KIV.Käpsele · age_up feudal |
| 13:10 | KIV.Käpsele · first_building Archery Range |
| 13:13 | Lukemba · age_up feudal |
| 13:45 | Relatable Guy 23 · wall_segment Palisade Wall x1 |
| 13:59 | Relatable Guy 23 · age_up feudal |
| 14:06 | aquila. STURM | National Soldie · age_up feudal |
| 14:25 | schneewittchen · age_up feudal |
| 14:28 | MapacheZebra · age_up feudal |
| 14:35 | MapacheZebra · first_building Archery Range |
| 14:35 | schneewittchen · wall_segment Stone Wall x12 |
| 14:38 | Relatable Guy 23 · wall_segment Stone Wall x15 |
| 14:53 | schneewittchen · wall_segment Stone Wall x10 |
| 15:27 | Lic. Sandra Cuevas · age_up castle |
| 15:36 | Lic. Sandra Cuevas · first_building Barracks |
| 16:00 | Relatable Guy 23 · wall_segment Stone Wall x6 |
| 16:16 | schneewittchen · wall_segment Stone Wall x3 |
| 16:18 | Lukemba · wall_segment Palisade Wall x9 |
| 16:21 | Lic. Sandra Cuevas · wall_segment Stone Wall x13 |
| 16:41 | MapacheZebra · wall_segment Stone Wall x8 |
| 16:57 | aquila. STURM | National Soldie · wall_segment Stone Wall x14 |
| 17:09 | Lukemba · age_up castle |
| 17:11 | KIV.Midosch · first_market_buy 100 food |
| 17:14 | KIV.Midosch · first_market_sell 100 wood |
| 17:44 | Relatable Guy 23 · wall_segment Stone Wall x6 |
| 17:49 | Lukemba · first_building Siege Workshop |
| 18:00 | Lic. Sandra Cuevas · first_building Stable |
| 18:10 | schneewittchen · wall_segment Stone Wall x8 |
| 18:13 | Relatable Guy 23 · age_up castle |
| 18:29 | Lukemba · wall_segment Palisade Wall x12 |
| 18:47 | KIV.Käpsele · wall_segment Stone Wall x10 |
| 18:47 | Lukemba · first_market_buy 100 wood |
| 18:58 | Lukemba · first_building Monastery |
| 19:03 | Relatable Guy 23 · first_market_sell 100 food |
| 19:04 | KIV.Käpsele · first_market_sell 500 wood |
| 19:05 | KIV.Käpsele · first_market_buy 100 food |
| 19:07 | Relatable Guy 23 · first_market_buy 100 stone |
| 19:17 | schneewittchen · wall_segment Stone Wall x3 |
| 19:32 | schneewittchen · wall_segment Stone Wall x5 |
| 19:49 | schneewittchen · wall_segment Stone Wall x6 |
| 19:58 | KIV.Midosch · age_up castle |
| 21:14 | schneewittchen · first_market_sell 100 food |
| 21:25 | Lic. Sandra Cuevas · wall_segment Stone Wall x8 |
| 21:38 | MapacheZebra · wall_segment Stone Wall x7 |
| 22:06 | KIV.Midosch · first_building Siege Workshop |
| 22:13 | aquila. STURM | National Soldie · age_up castle |
| 22:17 | schneewittchen · wall_segment Stone Wall x3 |
| 22:20 | KIV.Käpsele · age_up castle |
| 22:22 | KIV.Käpsele · first_building Siege Workshop |
| 22:39 | schneewittchen · wall_segment Stone Wall x5 |
| 22:55 | aquila. STURM | National Soldie · first_building Castle |
| 23:40 | Relatable Guy 23 · first_building Siege Workshop |
| 23:44 | Lukemba · first_market_sell 100 wood |
| 23:59 | schneewittchen · age_up castle |
| 24:19 | Lic. Sandra Cuevas · first_market_buy 100 stone |
| 24:29 | aquila. STURM | National Soldie · wall_segment Stone Wall x5 |
| 24:38 | aquila. STURM | National Soldie · tribute_sent a jugador 2 |
| 24:38 | aquila. STURM | National Soldie · tribute_sent a jugador 3 |
| 24:38 | aquila. STURM | National Soldie · tribute_sent a jugador 4 |
| 24:38 | aquila. STURM | National Soldie · tribute_sent a jugador 5 |
| 24:38 | aquila. STURM | National Soldie · tribute_sent a jugador 6 |
| 24:38 | aquila. STURM | National Soldie · tribute_sent a jugador 7 |
| 24:38 | aquila. STURM | National Soldie · tribute_sent a jugador 8 |
| 24:46 | schneewittchen · first_building Castle |
| 24:48 | Lic. Sandra Cuevas · first_building Castle |
| 25:05 | schneewittchen · wall_segment Stone Wall x11 |
| 26:01 | schneewittchen · wall_segment Stone Wall x5 |
| 26:12 | schneewittchen · wall_segment Stone Wall x6 |
| 26:28 | KIV.Midosch · first_building Castle |
| 27:00 | KIV.Käpsele · wall_segment Stone Wall x9 |
| 27:57 | aquila. STURM | National Soldie · first_market_sell 100 food |
| 28:11 | Relatable Guy 23 · first_building Castle |
| 28:45 | schneewittchen · first_market_buy 100 stone |
| 29:06 | MapacheZebra · age_up castle |
| 30:07 | Lic. Sandra Cuevas · first_market_sell 100 food |
| 30:14 | Relatable Guy 23 · first_building Barracks |
| 31:29 | Relatable Guy 23 · wall_segment Stone Wall x6 |
| 31:31 | Relatable Guy 23 · wall_segment Stone Wall x7 |
| 31:37 | Lic. Sandra Cuevas · first_building Monastery |
| 31:37 | Relatable Guy 23 · first_building Stable |
| 31:42 | KIV.Midosch · age_up imperial |
| 32:32 | Lukemba · first_building Castle |
| 32:43 | Relatable Guy 23 · age_up imperial |
| 32:57 | Lukemba · age_up imperial |
| 33:21 | MapacheZebra · first_building Castle |
| 34:19 | schneewittchen · wall_segment Stone Wall x4 |
| 34:47 | aquila. STURM | National Soldie · first_building Monastery |
| 35:01 | Relatable Guy 23 · wall_segment Stone Wall x8 |
| 35:10 | aquila. STURM | National Soldie · age_up imperial |
| 35:39 | MapacheZebra · wall_segment Stone Wall x9 |
| 35:41 | MapacheZebra · wall_segment Stone Wall x1 |
| 36:00 | Relatable Guy 23 · first_building Archery Range |
| 36:37 | schneewittchen · wall_segment Stone Wall x8 |
| 36:38 | Lic. Sandra Cuevas · age_up imperial |
| 38:16 | schneewittchen · wall_segment Stone Wall x12 |
| 39:21 | KIV.Käpsele · age_up imperial |
| 39:56 | MapacheZebra · first_building Stable |
| 40:37 | Lukemba · first_building Barracks |
| 40:40 | KIV.Midosch · tribute_sent a jugador 1 |
| 40:40 | KIV.Midosch · tribute_sent a jugador 2 |
| 40:40 | KIV.Midosch · tribute_sent a jugador 3 |
| 40:40 | KIV.Midosch · tribute_sent a jugador 4 |
| 40:40 | KIV.Midosch · tribute_sent a jugador 5 |
| 40:40 | KIV.Midosch · tribute_sent a jugador 6 |
| 40:40 | KIV.Midosch · tribute_sent a jugador 8 |
| 40:48 | schneewittchen · wall_segment Stone Wall x11 |
| 41:51 | MapacheZebra · age_up imperial |
| 41:56 | Lukemba · first_building Stable |
| 42:42 | MapacheZebra · first_market_buy 100 stone |
| 45:11 | Relatable Guy 23 · wall_segment Stone Wall x1 |
| 45:41 | KIV.Midosch · first_building Monastery |
| 45:45 | schneewittchen · first_building Barracks |
| 46:26 | schneewittchen · first_building Stable |
| 47:33 | schneewittchen · wall_segment Stone Wall x3 |
| 47:46 | KIV.Käpsele · wall_segment Stone Wall x3 |
| 47:51 | schneewittchen · first_building Siege Workshop |
| 48:20 | KIV.Käpsele · wall_segment Stone Wall x1 |
| 48:35 | schneewittchen · age_up imperial |
| 49:02 | KIV.Käpsele · wall_segment Stone Wall x4 |
| 50:47 | KIV.Käpsele · wall_segment Palisade Wall x1 |
| 51:02 | aquila. STURM | National Soldie · wall_segment Stone Wall x7 |
| 51:39 | Lic. Sandra Cuevas · wall_segment Stone Wall x10 |
| 51:56 | aquila. STURM | National Soldie · first_market_buy 100 stone |
| 52:12 | KIV.Midosch · tribute_sent a jugador 1 |
| 52:12 | KIV.Midosch · tribute_sent a jugador 2 |
| 52:12 | KIV.Midosch · tribute_sent a jugador 3 |
| 52:12 | KIV.Midosch · tribute_sent a jugador 4 |
| 52:12 | KIV.Midosch · tribute_sent a jugador 5 |
| 52:12 | KIV.Midosch · tribute_sent a jugador 6 |
| 52:12 | KIV.Midosch · tribute_sent a jugador 8 |
| 52:15 | MapacheZebra · wall_segment Stone Wall x13 |
| 52:29 | aquila. STURM | National Soldie · tribute_sent a jugador 2 |
| 52:29 | aquila. STURM | National Soldie · tribute_sent a jugador 3 |
| 52:29 | aquila. STURM | National Soldie · tribute_sent a jugador 4 |
| 52:29 | aquila. STURM | National Soldie · tribute_sent a jugador 5 |
| 52:29 | aquila. STURM | National Soldie · tribute_sent a jugador 6 |
| 52:29 | aquila. STURM | National Soldie · tribute_sent a jugador 7 |
| 52:29 | aquila. STURM | National Soldie · tribute_sent a jugador 8 |
| 52:32 | schneewittchen · wall_segment Stone Wall x8 |
| 54:09 | Lic. Sandra Cuevas · wall_segment Stone Wall x4 |
| 54:15 | Lic. Sandra Cuevas · wall_segment Stone Wall x5 |
| 54:37 | Lic. Sandra Cuevas · wall_segment Stone Wall x8 |
| 55:14 | MapacheZebra · wall_segment Stone Wall x4 |
| 55:20 | MapacheZebra · wall_segment Stone Wall x1 |
| 55:37 | KIV.Käpsele · wall_segment Palisade Wall x1 |
| 55:38 | KIV.Midosch · wall_segment Stone Wall x1 |
| 56:00 | KIV.Käpsele · wall_segment Palisade Wall x1 |
| 56:04 | schneewittchen · wall_segment Stone Wall x5 |
| 56:21 | MapacheZebra · first_building Siege Workshop |
| 56:37 | schneewittchen · wall_segment Stone Wall x4 |
| 56:46 | KIV.Midosch · wall_segment Stone Wall x5 |
| 57:05 | schneewittchen · wall_segment Stone Wall x4 |
| 57:35 | Lic. Sandra Cuevas · wall_segment Stone Wall x2 |
| 57:48 | aquila. STURM | National Soldie · tribute_sent a jugador 2 |
| 57:48 | aquila. STURM | National Soldie · tribute_sent a jugador 3 |
| 57:48 | aquila. STURM | National Soldie · tribute_sent a jugador 4 |
| 57:48 | aquila. STURM | National Soldie · tribute_sent a jugador 5 |
| 57:48 | aquila. STURM | National Soldie · tribute_sent a jugador 6 |
| 57:48 | aquila. STURM | National Soldie · tribute_sent a jugador 7 |
| 57:48 | aquila. STURM | National Soldie · tribute_sent a jugador 8 |
| 57:49 | KIV.Midosch · tribute_sent a jugador 1 |
| 57:49 | KIV.Midosch · tribute_sent a jugador 2 |
| 57:49 | KIV.Midosch · tribute_sent a jugador 3 |
| 57:49 | KIV.Midosch · tribute_sent a jugador 4 |
| 57:49 | KIV.Midosch · tribute_sent a jugador 5 |
| 57:49 | KIV.Midosch · tribute_sent a jugador 6 |
| 57:49 | KIV.Midosch · tribute_sent a jugador 8 |
| 58:51 | MapacheZebra · first_market_sell 500 wood |
| 59:12 | schneewittchen · wall_segment Stone Wall x6 |
| 59:48 | MapacheZebra · wall_segment Stone Wall x13 |
| 59:57 | schneewittchen · wall_segment Stone Wall x6 |
| 60:20 | Lic. Sandra Cuevas · wall_segment Stone Wall x22 |
| 60:25 | KIV.Midosch · tribute_sent a jugador 1 |
| 60:25 | KIV.Midosch · tribute_sent a jugador 2 |
| 60:25 | KIV.Midosch · tribute_sent a jugador 3 |
| 60:25 | KIV.Midosch · tribute_sent a jugador 4 |
| 60:25 | KIV.Midosch · tribute_sent a jugador 5 |
| 60:25 | KIV.Midosch · tribute_sent a jugador 6 |
| 60:25 | KIV.Midosch · tribute_sent a jugador 8 |
| 60:28 | aquila. STURM | National Soldie · tribute_sent a jugador 2 |
| 60:28 | aquila. STURM | National Soldie · tribute_sent a jugador 3 |
| 60:28 | aquila. STURM | National Soldie · tribute_sent a jugador 4 |
| 60:28 | aquila. STURM | National Soldie · tribute_sent a jugador 5 |
| 60:28 | aquila. STURM | National Soldie · tribute_sent a jugador 6 |
| 60:28 | aquila. STURM | National Soldie · tribute_sent a jugador 7 |
| 60:28 | aquila. STURM | National Soldie · tribute_sent a jugador 8 |
| 60:43 | schneewittchen · wall_segment Stone Wall x4 |
| 61:22 | schneewittchen · wall_segment Stone Wall x6 |
| 61:37 | schneewittchen · wall_segment Stone Wall x4 |
| 61:40 | Lic. Sandra Cuevas · first_building Archery Range |
| 63:06 | KIV.Käpsele · resign |
[ ANÁLISIS IA · 1 CRÉDITO ]
¿Qué pasó realmente en esta partida?
Wolo.gg analiza cada decisión: build order, eco, micro, errores típicos por bracket. Análisis personalizado por WhatsApp o Discord en 30 segundos.
Guía civ
Sarracenos
Perfil
Jugador #4483352